AoeStats
← Element

Arabia

507125322Analyzed
4v4 RM · 15d ago on Sep 16, 2026· 18m 31s· 8 players
Game mode
Random Map
Map size
Large (8 player)
Population
200
Speed
Normal
Resources
Standard
Victory
Conquest
Starting age
Dark Age
Ending age
Imperial Age
RankedLock teamsTeams togetherTeam positionsShared explorationLock speedFull tech treeHidden civsTurbo modeCheats
Victory
Defeat
🇵🇪 Berbers · Peru
1351
+15
🇫🇷 Gurjaras · France
1348
+15
🇦🇷 Turks · Argentina
1339
+15
🇦🇷 Cumans · Argentina
1338
+15
🇫🇷 Khitans · France
1437
-19
🇫🇷 Teutons · France
1402
-18
🇫🇷 Koreans · France
1276
-13
🇫🇷 Bulgarians · France
1194
-10
Chili
6:37 Loom
9:43 Feudal Age
11:42 Double-Bit Axe
Frondeur
6:27 Loom
9:48 Feudal Age
11:27 Double-Bit Axe
16:05 Scale Barding Armor
nanoushka
7:56 Loom
10:14 Feudal Age
10:41 Double-Bit Axe
11:23 Horse Collar
15:25 Scale Barding Armor
15:31 Forging
17:46 Bloodlines
Hugokko
6:50 Loom
9:21 Feudal Age
10:02 Double-Bit Axe
10:19 Horse Collar
17:57 Scale Barding Armor
18:23 Forging
19:29 Wheelbarrow
Chacal90z
6:45 Loom
9:07 Feudal Age
12:39 Double-Bit Axe
Element
8:04 Loom
10:21 Feudal Age
11:07 Double-Bit Axe
13:41 Wheelbarrow
14:55 Fletching
Vinci_PL
6:15 Loom
9:38 Feudal Age
10:52 Double-Bit Axe
13:38 Wheelbarrow
12:49 Horse Collar
Dr. Kenzo Tenma
6:53 Loom
9:16 Feudal Age
9:45 Double-Bit Axe
15:37 Scale Barding Armor
15:38 Horse Collar
18:46 Forging
Connection lost

Rejoining the realm…

Still unreachable

The connection could not be restored.

Session expired

The server has moved on; the page needs a fresh start.